[Event "Late Titled Tuesday Blitz February 8 2022"]
[White "Kraus, Tomas"]
[Black "Mekhitarian, Krikor Sevag"]
[WhiteFideId "331708"]
[BlackFideId "2107660"]
[WhiteElo "2389"]
[BlackElo "2598"]
[Result "0-1"]
[Round "08"]
[TimeControl "180+1"]
[Date "2022.02.08"]
[WhiteClock "0:00:02"]
[BlackClock "0:00:02"]

1. d4 Nf6 2. Nf3 g6 3. g3 Bg7 4. Bg2 O-O 5. b3 c5 6. c4 cxd4 7. Nxd4 d5 8. cxd5 Nxd5 9. Bb2 a6 10. O-O e5 11. Nb5 Be6 12. N5c3 Nb4 13. Qc1 Qe7 14. a3 N4c6 15. Nd5 Bxd5 16. Bxd5 Nd4 17. Nc3 Rc8 18. Qd1 Nbc6 19. e3 Ne6 20. b4 Rd8 21. Qb3 Nc7 22. Bg2 Kh8 23. Ne4 Ne6 24. Nc3 Nc7 25. Rac1 f5 26. Nd5 Nxd5 27. Bxd5 Rac8 28. Rc5 Na7 29. Rfc1 Rxc5 30. Rxc5 Nb5 31. a4 Nd6 32. Qc2 Rd7 33. b5 axb5 34. axb5 b6 35. Rc6 h5 36. Ba3 Qf8 37. Rxb6 Kh7 38. Rc6 Qd8 39. Qc5 Nxb5 40. Be6 Rd1+ 41. Kg2 Nxa3 42. Rc8 Qf6 43. Bg8+ Kh6 44. Qxa3 f4 45. exf4 exf4 46. Qf3 Rd4 47. Rc6 Qg5 48. Bf7 Bf6 49. h4 Qf5 50. Rc3 Qe5 51. Rd3 Rb4 52. Rd5 Qe7 53. Qd3 Qe4+ 54. Qxe4 Rxe4 55. Rd6 Kg7 56. Be8 fxg3 57. Bd7 gxf2 58. Kxf2 Rxh4 59. Kf3 Rb4 60. Rc6 g5 61. Bf5 g4+ 62. Kg3 Rd4 63. Rc7+ Kh6 64. Rc6 Kg5 65. Bc8 Rd3+ 66. Kg2 h4 67. Rc5+ Kh6 68. Rc6 Rg3+ 69. Kf2 Kg5 70. Rc5+ Kg6 71. Rc6 Kg7 72. Rc7+ Kh6 73. Rc6 Rf3+ 74. Kg2 Kg5 75. Rc5+ Kg6 76. Bxg4 Rg3+ 77. Kh2 Rxg4 78. Kh3 Rf4 79. Rc6 Kh5 80. Rc5+ Bg5 81. Rb5 Rf3+ 82. Kg2 Rg3+ 83. Kh2 Kg4 84. Rb4+ Bf4 85. Kh1 Rc3 86. Rb1 Kg3 87. Rg1+ Kh3 88. Rf1 Kg4 89. Rg1+ Rg3 90. Rb1 Rh3+ 91. Kg2 Rh2+ 92. Kg1 Rc2 93. Rd1 h3 94. Kh1 Bg3 95. Rb1 Rh2+ 96. Kg1 Ra2 97. Kh1 Bf4 98. Rg1+ Kf3 99. Rf1+ Kg3 100. Rg1+ Rg2 101. Rd1 Be3 102. Rd2 Rg1# 0-1


[Site "https://www.chess.com"]

[Event "Late Titled Tuesday Blitz February 8 2022"]
[White "Kubatko, Ivan"]
[Black "Przybylski, Wojciech"]
[WhiteFideId "24111473"]
[BlackFideId "1117599"]
[WhiteElo "2285"]
[BlackElo "2133"]
[Result "1-0"]
[Round "08"]
[TimeControl "180+1"]
[Date "2022.02.09"]
[WhiteClock "0:00:04"]
[BlackClock "0:00:14"]

1. e4 e5 2. Nf3 Nf6 3. Nc3 Nc6 4. g3 Bc5 5. Bg2 O-O 6. O-O Re8 7. h3 b6 8. d3 Bb7 9. a3 h6 10. b4 Bf8 11. Re1 a5 12. b5 Nd4 13. Nxd4 exd4 14. Ne2 d5 15. Nxd4 dxe4 16. Nc6 Bxc6 17. bxc6 exd3 18. Rxe8 Qxe8 19. Qxd3 Rd8 20. Qc4 Qe1+ 21. Kh2 Qxf2 22. Bf4 Rd4 23. Qb3 Rxf4 24. gxf4 Qxf4+ 25. Qg3 Qd4 26. c3 Qd2 27. Kh1 Bd6 28. Qf3 h5 29. Rd1 Qb2 30. Rxd6 Qc1+ 31. Rd1 Qg5 32. Rd8+ Kh7 33. Qd3+ g6 34. Qf3 Qe5 35. Rd7 Kg7 36. Rd1 h4 37. Rf1 Nh5 38. Kg1 f5 39. Qf2 Kh6 40. Re1 Qxc3 41. Qe3+ Qxe3+ 42. Rxe3 Nf4 43. Re7 Nd3 44. Rxc7 Ne5 45. Rc8 f4 46. c7 f3 47. Rh8+ Kg7 48. c8=Q f2+ 49. Kf1 Nd3 50. Ke2 Nf4+ 51. Kf3 Nd5 52. Qf8# 1-0


[Site "https://www.chess.com"]

[Event "Late Titled Tuesday Blitz February 8 2022"]
[White "Levine, David"]
[Black "Zhou, Qiyu"]
[WhiteFideId "2011611"]
[BlackFideId "505161"]
[WhiteElo "2129"]
[BlackElo "1925"]
[Result "1-0"]
[Round "08"]
[TimeControl "180+1"]
[Date "2022.02.09"]
[WhiteClock "0:00:11"]
[BlackClock "0:00:03"]

1. d4 Nf6 2. c4 e6 3. g3 d5 4. Bg2 Bb4+ 5. Bd2 Be7 6. Nf3 O-O 7. O-O c6 8. Qc2 b6 9. Rd1 Ba6 10. b3 Nbd7 11. Bf4 Ne4 12. Nbd2 Ndf6 13. Ne5 Nxd2 14. Rxd2 Rc8 15. Rc1 Nd7 16. Qb1 Bb4 17. Rdd1 Nxe5 18. Bxe5 Qe7 19. cxd5 cxd5 20. Rxc8 Rxc8 21. Bf3 Ba3 22. h4 h6 23. Kg2 Qb4 24. g4 Qc3 25. g5 hxg5 26. hxg5 Qc2 27. Qxc2 Rxc2 28. e3 Rxa2 29. Bb8 Be7 30. g6 fxg6 31. Bxa7 Bd8 32. Rc1 Bb7 33. Bb8 Ra8 34. Be5 Kf7 35. Kg3 Rc8 36. Ra1 Ra8 37. Rc1 Ra3 38. Bc7 Be7 39. Bxb6 Rxb3 40. Bc5 Ba6 41. Ra1 Bxc5 42. Rxa6 Be7 43. Bg4 Bd8 44. Bxe6+ Kf8 45. Bxd5 Bc7+ 46. Kg2 Rb2 47. Rxg6 Rb5 48. Be4 Rh5 49. Rc6 Rh2+ 50. Kf3 Bb8 51. Rc8+ Ke7 52. Rxb8 1-0


[Site "https://www.chess.com"]

[Event "Late Titled Tuesday Blitz February 8 2022"]
[White "Li, Hui"]
[Black "Jarocka, Liwia"]
[WhiteFideId "15400310"]
[BlackFideId "21807558"]
[WhiteElo "1954"]
[BlackElo "1896"]
[Result "1-0"]
[Round "08"]
[TimeControl "180+1"]
[Date "2022.02.09"]
[WhiteClock "0:00:03"]
[BlackClock "0:00:06"]

1. e4 g6 2. d4 Bg7 3. Nc3 d6 4. Nf3 Nf6 5. Be2 O-O 6. O-O Bg4 7. Be3 Nc6 8. Qd2 e5 9. d5 Ne7 10. Rad1 Nd7 11. Ne1 Bxe2 12. Nxe2 f5 13. f3 a5 14. Nd3 b6 15. c4 f4 16. Bf2 g5 17. a3 a4 18. Qc2 h5 19. Nc3 g4 20. Kh1 Ng6 21. Nxa4 h4 22. h3 gxf3 23. gxf3 Nf6 24. Rg1 Qe8 25. Nc3 Nh5 26. Ne2 Ng3+ 27. Kh2 Rf6 28. Rg2 Nf8 29. Be1 Nh7 30. Nf2 Ng5 31. Ng1 Nf1+ 32. Kh1 Ne3 33. Qe2 Nxg2 34. Kxg2 Rg6 35. Ng4 Qd7 36. Kh2 Kf7 37. Bxh4 Rh8 38. Bxg5 Rxg5 39. Kg2 Bf6 40. Kf1 Rgh5 41. Qg2 Bh4 42. Qe2 Bg3 43. Qg2 b5 44. Qe2 Rb8 45. b4 Ra8 46. Rd3 bxc4 47. Rc3 Ra7 48. Qxc4 Qa4 49. Qd3 Rh8 50. Qe2 Rb8 51. Qb2 Qb5+ 52. Qe2 Qb6 53. Qc2 Rbb7 54. Qe2 Qd4 55. Qc2 Kg6 56. Ne2 Qb6 57. Nxg3 fxg3 58. f4 exf4 59. e5+ Kg5 60. e6 Qb5+ 61. Qe2 Qxe2+ 62. Kxe2 c5 63. dxc6 Re7 64. b5 Rxe6+ 65. Kf3 Rae7 66. b6 Re1 67. c7 Rf1+ 68. Kg2 Rb1 69. c8=Q Rb2+ 70. Kf1 Rb1+ 71. Rc1 Rxc1+ 72. Qxc1 Rb7 73. Qc6 Rxb6 74. Qxb6 f3 75. Qxd6 g2+ 76. Kg1 Kh4 77. Qh2 f2+ 1-0


[Site "https://www.chess.com"]

[Event "Late Titled Tuesday Blitz February 8 2022"]
[White "Lopez Del Alamo, Antonio"]
[Black "Novikova, Galina"]
[WhiteFideId "2227339"]
[BlackFideId "4157095"]
[WhiteElo "2082"]
[BlackElo "1863"]
[Result "1-0"]
[Round "08"]
[TimeControl "180+1"]
[Date "2022.02.09"]
[WhiteClock "0:00:06"]
[BlackClock "0:00:01"]

1. e4 e6 2. d3 d5 3. Nd2 Nf6 4. Ngf3 g6 5. g3 Bg7 6. Bg2 O-O 7. O-O c5 8. Re1 Nc6 9. exd5 exd5 10. a4 Bf5 11. Nf1 Qc8 12. c3 Bh3 13. Ne3 Bxg2 14. Nxg2 d4 15. c4 Qf5 16. Nfh4 Qh3 17. Nf4 Qd7 18. Nfg2 Nb4 19. Ra3 Rfe8 20. Bd2 Rxe1+ 21. Bxe1 Nc6 22. a5 Re8 23. Rb3 Ne5 24. Nf3 Nfg4 25. Nxe5 Nxe5 26. Nf4 g5 27. Nd5 g4 28. Bd2 Nf3+ 29. Kg2 Qf5 30. Nf4 Qd7 31. h3 Ne5 32. hxg4 Nxg4 33. Qf3 Ne5 34. Qd5 Qf5 35. Rxb7 Rf8 36. Re7 h5 37. Qe4 Qxe4+ 38. dxe4 Nxc4 39. Be1 Nxb2 40. Rxa7 c4 41. Rc7 c3 42. a6 Ra8 43. a7 Kh7 44. Rb7 c2 45. Bd2 d3 46. Rxb2 Bxb2 47. Nxd3 Bf6 48. Be3 Be7 49. e5 Rd8 50. f4 Ba3 51. Kf3 1-0


[Site "https://www.chess.com"]

[Event "Late Titled Tuesday Blitz February 8 2022"]
[White "Martinez Alcantara, Jose Eduardo"]
[Black "Zierk, Steven"]
[WhiteFideId "3805662"]
[BlackFideId "2034255"]
[WhiteElo "2690"]
[BlackElo "2494"]
[Result "0-1"]
[Round "08"]
[TimeControl "180+1"]
[Date "2022.02.08"]
[WhiteClock "0:00:01"]
[BlackClock "0:00:18"]

1. e4 e6 2. d4 d5 3. Nc3 Bb4 4. e5 c5 5. a3 Bxc3+ 6. bxc3 Qa5 7. Bd2 Qa4 8. Qb1 c4 9. Ne2 Nc6 10. Nf4 Bd7 11. Be2 O-O-O 12. O-O f6 13. exf6 Nxf6 14. f3 g5 15. Nh3 h6 16. Qb2 Rdg8 17. Rab1 b6 18. Rbe1 g4 19. fxg4 Ne4 20. Qc1 e5 21. Nf2 Nxd2 22. Qxd2 exd4 23. cxd4 Qxa3 24. c3 Qd6 25. Bf3 b5 26. h3 a5 27. Nd1 h5 28. g5 b4 29. h4 b3 30. Ne3 Ne7 31. Qe2 Re8 32. Bxh5 Ng6 33. Bxg6 Qxg6 34. Qf2 Rhf8 35. Qxf8 Rxf8 36. Rxf8+ Kb7 37. Nxd5 b2 38. Rff1 a4 39. Nf4 Qc2 40. g6 Qxc3 41. Re7 Qxd4+ 42. Kh2 Kc6 43. g7 b1=Q 44. g8=Q Qxf1 45. Qa8+ Kd6 46. Rxd7+ Kxd7 47. Qb7+ Kd6 48. Qb8+ Kc6 49. Qc8+ Kb5 50. Qe8+ Kb4 51. Qf8+ Kb3 52. Qc8 Qdxf4+ 53. g3 Q4f2# 0-1


[Site "https://www.chess.com"]

[Event "Late Titled Tuesday Blitz February 8 2022"]
[White "Martirosyan, Haik M."]
[Black "Jaracz, Pawel"]
[WhiteFideId "13306553"]
[BlackFideId "1102222"]
[WhiteElo "2735"]
[BlackElo "2429"]
[Result "1-0"]
[Round "08"]
[TimeControl "180+1"]
[Date "2022.02.08"]
[WhiteClock "0:00:33"]
[BlackClock "0:00:04"]

1. c4 Nf6 2. Nf3 c6 3. d4 d5 4. Nc3 dxc4 5. a4 Bf5 6. e3 e6 7. Bxc4 Bb4 8. O-O O-O 9. Qe2 Nbd7 10. e4 Bg6 11. Bd3 Bh5 12. e5 Nd5 13. Nxd5 cxd5 14. Qe3 Be7 15. Ng5 Bg6 16. Bxg6 hxg6 17. Nf3 Rc8 18. Bd2 Nb6 19. b3 Nd7 20. h4 Qb6 21. g3 Rc2 22. Kg2 Rb2 23. Rfb1 Rxb1 24. Rxb1 Rc8 25. Rh1 Nf8 26. h5 gxh5 27. Rxh5 Ng6 28. Rh1 Rc2 29. Rb1 Qc6 30. Ne1 Ra2 31. Rc1 Qd7 32. Nd3 Ba3 33. Rc3 Ne7 34. Nc5 Bxc5 35. Rxc5 b6 36. Rc1 Nf5 37. Qd3 f6 38. exf6 gxf6 39. Rh1 Qg7 40. Bf4 Ne7 41. Qb5 Kf7 42. Qd7 Qg6 43. Re1 Qc2 44. Qxe6+ Kg6 45. Qg4+ Kf7 46. Qh5+ Kf8 47. Bh6+ Kg8 48. Qe8+ Kh7 49. Qxe7+ Kxh6 1-0


[Site "https://www.chess.com"]

[Event "Late Titled Tuesday Blitz February 8 2022"]
[White "Melaugh, Shane"]
[Black "Mogranzini, Roberto"]
[WhiteFideId "2509580"]
[BlackFideId "810894"]
[WhiteElo "2000"]
[BlackElo "2469"]
[Result "0-1"]
[Round "08"]
[TimeControl "180+1"]
[Date "2022.02.09"]
[WhiteClock "0:00:03"]
[BlackClock "0:00:17"]

1. e4 d6 2. d4 Nf6 3. Nc3 e5 4. f4 Nbd7 5. Nf3 exd4 6. Qxd4 Nb6 7. Be3 Be7 8. a4 O-O 9. a5 Nbd7 10. Bc4 Nc5 11. O-O Ng4 12. Bc1 Bf6 13. e5 Be7 14. h3 Nh6 15. Qf2 c6 16. Rd1 d5 17. Bf1 Nf5 18. Nd4 Nxd4 19. Qxd4 Bf5 20. Qd2 Ne4 21. Nxe4 Bxe4 22. Bd3 Bxd3 23. Qxd3 Bc5+ 24. Kh1 Qe7 25. c3 f6 26. b4 Bf2 27. Qf3 Bh4 28. g3 fxe5 29. gxh4 e4 30. Qg4 Rf6 31. h5 Raf8 32. Rg1 Qf7 33. Be3 Rf5 34. h6 g6 35. Rg3 Rh5 36. Rf1 Rf5 37. Bc5 Rb8 38. Bd6 Rd8 39. Bc5 b6 40. axb6 axb6 41. Bxb6 Ra8 42. Be3 Ra2 43. Bd4 Rc2 44. Qh4 Qe8 45. Rg5 e3 46. Rxf5 Qe4+ 47. Kg1 Qg2# 0-1


[Site "https://www.chess.com"]

[Event "Late Titled Tuesday Blitz February 8 2022"]
[White "Michelakos, Panagiotis"]
[Black "Makarian, Rudik"]
[WhiteFideId "4216067"]
[BlackFideId "44105681"]
[WhiteElo "2140"]
[BlackElo "2486"]
[Result "1-0"]
[Round "08"]
[TimeControl "180+1"]
[Date "2022.02.08"]
[WhiteClock "0:00:14"]
[BlackClock "0:00:03"]

1. d4 Nf6 2. c4 g6 3. Nc3 Bg7 4. e4 d6 5. Be2 O-O 6. Bg5 c5 7. d5 h6 8. Bf4 Ne8 9. Qd2 Kh7 10. Nf3 e5 11. dxe6 fxe6 12. Be3 Qe7 13. h4 Nc6 14. e5 Rxf3 15. gxf3 Nxe5 16. O-O-O b5 17. h5 g5 18. Nxb5 Rb8 19. Nxd6 Nxd6 20. Qxd6 Qb7 21. Rd2 Bd7 22. Bxc5 Rc8 23. b3 Bc6 24. Rhd1 Bxf3 25. Qxe6 Be4 26. Rd7 Nxd7 27. Rxd7 Qc6 28. Bd4 Qxe6 29. Rxg7+ Kh8 30. Re7+ 1-0


[Site "https://www.chess.com"]

[Event "Late Titled Tuesday Blitz February 8 2022"]
[White "Mikhalsky, Vladimir"]
[Black "Chernomordik, Pavel"]
[WhiteFideId "14144352"]
[BlackFideId "2804530"]
[WhiteElo "2248"]
[BlackElo "2249"]
[Result "0-1"]
[Round "08"]
[TimeControl "180+1"]
[Date "2022.02.09"]
[WhiteClock "0:00:06"]
[BlackClock "0:00:16"]

1. c4 g6 2. Nc3 Bg7 3. d4 d6 4. e4 c6 5. f3 a6 6. a4 a5 7. Be3 Na6 8. Bd3 Nb4 9. Bb1 Nf6 10. Nge2 O-O 11. Qd2 Nd7 12. Bh6 e5 13. h4 Bxh6 14. Qxh6 exd4 15. Nxd4 Qf6 16. Nce2 Qg7 17. Qxg7+ Kxg7 18. h5 Ne5 19. Ra3 Nxc4 20. h6+ Kg8 21. Rb3 Bd7 22. Kf2 Rfe8 23. Rd1 c5 24. Nb5 Bxb5 25. axb5 a4 26. Rc3 Nxb2 27. Rxd6 a3 28. Rxc5 a2 29. Bxa2 N2d3+ 30. Ke3 Nxc5 31. Bc4 Rad8 32. Rf6 Re7 33. Nf4 Nc2+ 34. Kf2 Nd4 35. Nd5 Red7 36. Nb6 Rd6 37. Rxf7 Nde6 38. Bxe6 Rxe6 39. Rg7+ Kf8 40. Nd5 Rd7 41. Nc7 Ree7 42. Rxe7 Kxe7 43. Nd5+ Ke6 44. Nf4+ Ke5 45. Kg3 Nd3 46. Ne2 Rd6 47. Nc3 g5 48. Kg4 Rxh6 49. g3 Rd6 50. Kxg5 Rg6+ 51. Kh4 Kd4 52. Nd1 Ne1 53. f4 Kxe4 54. Nf2+ Kf3 55. Nh3 Rh6+ 56. Kg5 Rxh3 57. f5 Rxg3+ 58. Kf6 Ke4 59. Ke6 Rf3 60. f6 h5 0-1


[Site "https://www.chess.com"]

[Event "Late Titled Tuesday Blitz February 8 2022"]
[White "Mirzoev, Azer"]
[Black "Ortiz Verdezoto, Anahi"]
[WhiteFideId "13400304"]
[BlackFideId "3614581"]
[WhiteElo "2525"]
[BlackElo "1785"]
[Result "1-0"]
[Round "08"]
[TimeControl "180+1"]
[Date "2022.02.09"]
[WhiteClock "0:00:25"]
[BlackClock "0:00:30"]

1. Nf3 d5 2. b4 c6 3. Bb2 Nf6 4. e3 e6 5. b5 Bd6 6. c4 Nbd7 7. Nc3 O-O 8. bxc6 bxc6 9. cxd5 cxd5 10. Nb5 Bb4 11. Rb1 a5 12. a3 Bc5 13. Be2 Ba6 14. O-O Rb8 15. a4 Re8 16. Nfd4 Bb7 17. Nb3 Bb4 18. Rc1 Nb6 19. Nc5 Bxc5 20. Rxc5 Ne4 21. Rc1 f6 22. Ba3 Nc4 23. Bxc4 dxc4 24. Rxc4 Qxd2 25. Rc7 Qxd1 26. Rxd1 Bd5 27. f3 Ng5 28. e4 Bb3 29. Rdd7 Bxa4 30. Rxg7+ Kh8 31. h4 Rg8 32. Rxg8+ Kxg8 33. hxg5 Bxb5 34. gxf6 Be8 35. Rg7+ Kh8 36. f7 Bxf7 37. Rxf7 Rb3 38. Bd6 Kg8 39. Ra7 Rb5 40. Bc7 Rc5 41. Bxa5 Rc1+ 42. Kh2 Ra1 43. Bb6 Rb1 44. Bd4 Rd1 45. Be5 h5 46. Re7 Kf8 47. Rxe6 Kf7 48. Rf6+ Ke7 49. Rf5 Ke6 50. Rxh5 1-0


[Site "https://www.chess.com"]

[Event "Late Titled Tuesday Blitz February 8 2022"]
[White "Mladenovic, Stefan"]
[Black "Karas, Marek"]
[WhiteFideId "942227"]
[BlackFideId "14928558"]
[WhiteElo "2355"]
[BlackElo "2270"]
[Result "1-0"]
[Round "08"]
[TimeControl "180+1"]
[Date "2022.02.09"]
[WhiteClock "0:00:04"]
[BlackClock "0:00:05"]

1. d4 Nf6 2. Nf3 g6 3. Bf4 Bg7 4. e3 O-O 5. Be2 d6 6. O-O b6 7. h3 Bb7 8. c4 Nbd7 9. Nc3 Ne4 10. Nxe4 Bxe4 11. Rc1 e5 12. Bh2 Re8 13. b4 a5 14. a3 axb4 15. axb4 Ra2 16. c5 bxc5 17. bxc5 exd4 18. exd4 dxc5 19. Bc4 Ra8 20. dxc5 Nxc5 21. Qxd8 Raxd8 22. Bxc7 Rc8 23. Bxf7+ Kxf7 24. Ng5+ Kg8 25. Rxc5 Bd3 26. Rfc1 Bd4 27. Rd5 Bb2 28. Rd1 Rxc7 29. R5xd3 Bf6 30. Nf3 Rce7 31. g3 Kg7 32. Kg2 Rf8 33. Rd7 Rff7 34. Rxe7 Rxe7 35. h4 Ra7 36. g4 Rb7 37. g5 Bb2 38. Rb1 Rb4 39. Rd1 Rb7 40. Rd5 Ba3 41. Nh2 Kf7 42. Ng4 Bf8 43. Ra5 Bg7 44. Kg3 Rb3+ 45. f3 Rb7 46. Nf2 Bc3 47. Rd5 Be1 48. Rd1 Bxf2+ 49. Kxf2 Kg7 50. Kg3 Ra7 51. Rd4 Rb7 52. Kf4 Rf7+ 53. Kg4 Ra7 54. h5 gxh5+ 55. Kxh5 Ra1 56. Rd7+ Kg8 57. f4 Ra4 58. f5 Ra5 59. f6 Ra1 60. Rg7+ Kh8 61. Kg4 Ra4+ 62. Kf5 Ra5+ 63. Kf4 Ra4+ 64. Kg3 Ra3+ 65. Kg4 Ra4+ 66. Kh5 Ra2 67. Rb7 Kg8 68. Rg7+ Kh8 69. Re7 Kg8 70. Kg4 Ra1 71. Kf5 Ra5+ 72. Kf4 Ra4+ 73. Kf5 Ra5+ 74. Re5 Ra1 75. Re8+ Kf7 76. Re7+ Kg8 77. Rg7+ Kh8 78. Rd7 Kg8 79. Ke6 Re1+ 80. Kd6 Rd1+ 81. Kc7 Rg1 82. Rg7+ Kh8 83. Kd7 Rd1+ 84. Ke7 Re1+ 85. Kf7 h6 86. Rg8+ Kh7 87. g6# 1-0


[Site "https://www.chess.com"]

[Event "Late Titled Tuesday Blitz February 8 2022"]
[White "Moore, Nicholas"]
[Black "Sargsyan, Anna M."]
[WhiteFideId "4303709"]
[BlackFideId "13308130"]
[WhiteElo "2320"]
[BlackElo "2271"]
[Result "0-1"]
[Round "08"]
[TimeControl "180+1"]
[Date "2022.02.09"]
[WhiteClock "0:00:02"]
[BlackClock "0:00:59"]

1. d4 d5 2. c4 c6 3. Nf3 Nf6 4. e3 Bg4 5. h3 Bxf3 6. Qxf3 e6 7. Nc3 Nbd7 8. Bd3 Bb4 9. Bd2 O-O 10. O-O-O Re8 11. cxd5 exd5 12. Kb1 a5 13. Rc1 a4 14. g4 a3 15. b3 Bxc3 16. Bxc3 Ne4 17. Be1 c5 18. Qd1 cxd4 19. exd4 Qf6 20. Bb5 Red8 21. f3 Nd6 22. Be2 Nf8 23. Bg3 Ng6 24. Qd2 h6 25. h4 Qe6 26. h5 Nf8 27. Bd3 Qd7 28. g5 hxg5 29. Qxg5 Ne6 30. Qh4 Ne8 31. h6 g6 32. h7+ Kh8 33. Be5+ N8g7 34. Qf6 Rac8 35. Rxc8 Rxc8 36. f4 Qc6 37. Qh4 Qc3 38. Qf2 Qxd3+ 0-1


[Site "https://www.chess.com"]

[Event "Late Titled Tuesday Blitz February 8 2022"]
[White "Moroni, Luca Jr"]
[Black "Andreikin, Dmitry"]
[WhiteFideId "865834"]
[BlackFideId "4158814"]
[WhiteElo "2573"]
[BlackElo "2736"]
[Result "0-1"]
[Round "08"]
[TimeControl "180+1"]
[Date "2022.02.08"]
[WhiteClock "0:00:01"]
[BlackClock "0:00:09"]

1. c4 e5 2. Nc3 d6 3. Nf3 f5 4. g3 Nc6 5. d3 Nf6 6. Bg2 g6 7. Rb1 a5 8. a3 Bg7 9. O-O O-O 10. b4 axb4 11. axb4 h6 12. b5 Ne7 13. Bd2 g5 14. Ra1 Rxa1 15. Qxa1 e4 16. dxe4 Nxe4 17. Qc1 Qe8 18. Nxe4 fxe4 19. Ne1 Bg4 20. f3 exf3 21. exf3 Bf5 22. Bc3 Qf7 23. Bxg7 Qxg7 24. Qe3 Bg6 25. f4 Nf5 26. Qd2 g4 27. Bxb7 Re8 28. Ng2 Kh7 29. Bc6 Re7 30. Bd5 h5 31. Re1 Rxe1+ 32. Qxe1 Qd4+ 33. Qf2 Qd1+ 34. Qe1 Qd4+ 35. Kh1 Kh6 36. Qc1 Qf2 37. Qa1 Nd4 38. Qg1 Qb2 39. Nh4 Bd3 40. Qe1 Be2 41. f5 Nf3 42. Bxf3 gxf3 43. f6 Qxf6 44. Qd2+ Kg7 45. Qe3 f2 0-1


[Site "https://www.chess.com"]

[Event "Late Titled Tuesday Blitz February 8 2022"]
[White "Musovic, Armin"]
[Black "Nikologorsky, Matfei"]
[WhiteFideId "939935"]
[BlackFideId "24102474"]
[WhiteElo "2250"]
[BlackElo "2231"]
[Result "1-0"]
[Round "08"]
[TimeControl "180+1"]
[Date "2022.02.09"]
[WhiteClock "0:00:50"]
[BlackClock "0:00:32"]

1. e4 c5 2. c3 d5 3. exd5 Qxd5 4. h3 Nf6 5. Na3 Nc6 6. Nf3 Qd8 7. Nc4 g6 8. g4 Bg7 9. Bg2 h5 10. g5 Nd5 11. d4 cxd4 12. cxd4 O-O 13. O-O Be6 14. Re1 Rc8 15. Nce5 Nxe5 16. Nxe5 Qb6 17. Nd7 Bxd7 18. Bxd5 Bxh3 19. Bf4 Qxd4 20. Qxd4 Bxd4 21. Rxe7 Rc2 22. Bg3 Rxb2 23. Rd1 Bc5 24. Rc7 Bb6 25. Rxb7 Bc8 26. Re7 Bc5 27. Rc7 Bb6 28. Bxf7+ Rxf7 29. Rxc8+ Kg7 30. Be5+ 1-0


[Site "https://www.chess.com"]

[Event "Late Titled Tuesday Blitz February 8 2022"]
[White "Mustafayev, Farid"]
[Black "Deac, Bogdan-Daniel"]
[WhiteFideId "13408771"]
[BlackFideId "1226380"]
[WhiteElo "2129"]
[BlackElo "2646"]
[Result "0-1"]
[Round "08"]
[TimeControl "180+1"]
[Date "2022.02.08"]
[WhiteClock "0:01:34"]
[BlackClock "0:01:59"]

1. Nf3 d5 2. g3 Nf6 3. Bg2 e6 4. O-O Be7 5. d3 Nc6 6. Nbd2 e5 7. e4 d4 8. Nc4 Nd7 9. a4 O-O 10. Bd2 b6 11. c3 a5 12. Rc1 Bb7 13. Qb3 Nc5 14. Qc2 dxc3 15. Bxc3 Qxd3 16. Nfxe5 Nxe5 17. Nxe5 Qxc2 18. Rxc2 Nxa4 19. Bd4 Bc5 20. Bxc5 Nxc5 21. Re1 Rfe8 22. f4 f6 23. Nc4 Bxe4 24. Rce2 f5 25. Nd2 Rad8 26. Nxe4 fxe4 0-1


[Site "https://www.chess.com"]

[Event "Late Titled Tuesday Blitz February 8 2022"]
[White "Niemann, Hans Moke"]
[Black "Shoker, Samy"]
[WhiteFideId "2093596"]
[BlackFideId "627143"]
[WhiteElo "2636"]
[BlackElo "2493"]
[Result "1-0"]
[Round "08"]
[TimeControl "180+1"]
[Date "2022.02.08"]
[WhiteClock "0:01:46"]
[BlackClock "0:00:45"]

1. d4 Nf6 2. Nc3 d6 3. Bf4 c6 4. e3 g6 5. h4 h5 6. Be2 b5 7. Bf3 b4 8. Ne4 Nxe4 9. Bxe4 Bg7 10. Nf3 a5 11. Ng5 Ba6 12. Qf3 O-O 13. g4 d5 14. Bd3 Bxd3 15. cxd3 hxg4 16. Qxg4 Qd7 17. Qg3 Qf5 18. h5 Nd7 19. e4 dxe4 20. dxe4 Qb5 21. hxg6 fxg6 22. Qh3 Rxf4 23. Qe6+ Kf8 24. Qxg6 Rf6 25. Rh8+ Bxh8 26. Nh7# 1-0


[Site "https://www.chess.com"]

[Event "Late Titled Tuesday Blitz February 8 2022"]
[White "Nihal Sarin"]
[Black "Indjic, Aleksandar"]
[WhiteFideId "25092340"]
[BlackFideId "911925"]
[WhiteElo "2705"]
[BlackElo "2616"]
[Result "0-1"]
[Round "08"]
[TimeControl "180+1"]
[Date "2022.02.08"]
[WhiteClock "0:00:01"]
[BlackClock "0:00:22"]

1. c4 g6 2. g3 Bg7 3. Bg2 c5 4. Nc3 Nc6 5. Rb1 d6 6. a3 h5 7. h3 h4 8. g4 f5 9. gxf5 Bxf5 10. d3 Qd7 11. Nf3 Nd4 12. Nxd4 cxd4 13. Ne4 Nf6 14. Ng5 Nh7 15. Nxh7 Rxh7 16. Qb3 O-O-O 17. Bd2 Kb8 18. Rc1 Rc8 19. Bf4 e5 20. Bd2 Bh6 21. Bxh6 Rxh6 22. Kd2 Rh7 23. Qb4 Qe6 24. c5 dxc5 25. Rxc5 Rxc5 26. Qxc5 Rc7 27. Qf8+ Rc8 28. Qb4 e4 29. Qxd4 exd3 30. exd3 Qb3 31. Rc1 Rxc1 32. Kxc1 Qxd3 33. Qxd3 Bxd3 34. Kd2 Bf5 35. Ke3 g5 36. Kd4 g4 37. hxg4 Bxg4 38. Ke5 Kc7 39. Kf4 Be6 40. Kg5 h3 41. Bh1 Kd6 42. Kh4 b6 43. f4 Kc5 44. Kg3 Kc4 45. Be4 Kb3 46. f5 Bf7 47. Kxh3 Kxb2 48. a4 Kb3 49. Kg4 Kxa4 50. Kg5 Kb4 51. Kf6 Bc4 52. Ke7 a5 53. f6 a4 54. Bf5 a3 55. Be6 a2 56. f7 a1=Q 57. f8=Q Qd4 58. Kf7+ Qc5 59. Qb8 Qf5+ 60. Kg7 Qxe6 61. Qf8+ Kb5 0-1


[Site "https://www.chess.com"]

[Event "Late Titled Tuesday Blitz February 8 2022"]
[White "Nogerbek, Kazybek"]
[Black "Tang, Andrew"]
[WhiteFideId "13710427"]
[BlackFideId "2059630"]
[WhiteElo "2478"]
[BlackElo "2584"]
[Result "1-0"]
[Round "08"]
[TimeControl "180+1"]
[Date "2022.02.08"]
[WhiteClock "0:01:19"]
[BlackClock "0:00:03"]

1. d4 d5 2. c4 e6 3. Nc3 Be7 4. Bf4 Nf6 5. e3 O-O 6. Nf3 Nbd7 7. c5 Ne4 8. Bd3 f5 9. Ne5 g5 10. Nxd7 gxf4 11. Nxf8 fxe3 12. fxe3 Bxf8 13. Bxe4 dxe4 14. O-O Qg5 15. Qe2 Bd7 16. Rae1 Bg7 17. Kh1 Rf8 18. Qf2 Bc6 19. Qf4 Qe7 20. Qg3 Rf6 21. Ne2 Rg6 22. Qf2 h6 23. Nf4 Rg5 24. Rg1 Kh7 25. Qh4 Qf7 26. g4 Bf6 27. Qh3 e5 28. dxe5 Bxe5 29. Ref1 Bd7 30. Qh4 fxg4 31. Nh3 Rf5 32. Ng5+ 1-0


[Site "https://www.chess.com"]

[Event "Late Titled Tuesday Blitz February 8 2022"]
[White "Oro, Luis"]
[Black "Golubovskis, Maksims"]
[WhiteFideId "104094"]
[BlackFideId "11608528"]
[WhiteElo "2294"]
[BlackElo "2066"]
[Result "1-0"]
[Round "08"]
[TimeControl "180+1"]
[Date "2022.02.09"]
[WhiteClock "0:01:02"]
[BlackClock "0:00:04"]

1. e4 c5 2. Nf3 d6 3. d4 cxd4 4. Nxd4 Nf6 5. Nc3 a6 6. f3 e5 7. Nb3 Be6 8. Be3 h5 9. Qd2 Nbd7 10. O-O-O Be7 11. Nd5 Nxd5 12. exd5 Bf5 13. Bd3 Bxd3 14. Qxd3 Rc8 15. Kb1 O-O 16. Bf2 Nf6 17. h4 Qc7 18. Rhg1 b5 19. g4 Nxd5 20. c3 Nf4 21. Qd2 Nh3 22. Rg2 Qc6 23. Rg3 Nxf2 24. Qxf2 Bxh4 25. gxh5 Bxg3 26. Qxg3 Qd7 27. Qg5 f5 28. Rg1 f4 29. Ka1 Rf5 30. Qg6 Qf7 31. Qxd6 Rxh5 32. Nd2 Rf5 33. Ne4 Re8 34. Qxa6 Re6 35. Qc8+ Re8 36. Qc6 Re6 37. Qxb5 Re8 38. Nd6 Ra8 39. Nxf7 1-0


[Site "https://www.chess.com"]